MapleLeafs vs Islanders

Created - 6 mars 2018 at 21:44

Goals
1 2 3 T
MapleLeafs 0 1 0 1
Islanders 0 0 0 0
Shots
1 2 3 T
MapleLeafs 10 10 5 25
Islanders 6 6 8 20

1st period

No Goal

Penalties :
Luca Sbisa (NYI) for Hooking (Minor) at 12:26, Nazem Kadri (TOR) for Slashing (Minor) at 12:26, Dmitry Kulikov (TOR) for Holding (Minor) at 15:29, Steven Santini (NYI) for Interference (Minor) at 17:58

2nd period

1. MapleLeafs , Frederick Gaudreau 3 (Mikkel Boedker 10, Jason Demers 22) at 1:26

Penalties :
Beau Bennett (TOR) for Slashing (Minor) at 11:55, Lars Eller (NYI) for Tripping (Minor) at 17:18

3rd period

No Goal

Penalties :
Luca Sbisa (NYI) for Holding (Minor) at 1:16, Zach Bogosian (TOR) for Interference (Minor) at 5:28, Freddie Hamilton (TOR) for Holding (Minor) at 9:34

Goalie Stats

Marc-Andre Fleury (TOR), 20 saves from 20 shots - (1.000), W, 21-25-8, 60:00 minutes
Ondrej Pavelec (NYI), 24 saves from 25 shots - (0.960), L, 6-8-2, 59:25 minutes

Players Stats for MapleLeafs

Player Name              G  A  P  +/- PIM S  H  SB GA TA FO     MP     PP MP  PK MP  
------------------------------------------------------------------------------------
Adam Erne                0  0  0   0  0   0  0  0  0  0  0/0     4:40   0:00   2:45 
Antoine Roussel          0  0  0   0  0   3  1  0  0  0  1/2    12:05   0:00   0:00 
Beau Bennett             0  0  0   0  2   2  0  0  0  0  0/0    15:47   3:09   0:00 
Cody Franson             0  0  0   0  0   0  2  2  0  0  0/0    16:46   0:00   3:00 
Curtis Lazar             0  0  0   0  0   2  0  0  0  0  1/1    13:50   0:16   0:00 
Dmitry Kulikov           0  0  0   1  2   0  2  0  0  0  0/0    22:32   2:33   2:33 
Freddie Hamilton         0  0  0   0  2   2  0  0  0  0  10/17  15:24   0:16   1:09 
Frederick Gaudreau       1  0  1   1  0   3  0  0  0  0  0/0    14:36   2:32   0:19 
Ivan Barbashev           0  0  0   0  0   1  0  0  0  0  2/4     7:17   0:00   0:00 
Jason Chimera            0  0  0   0  0   3  1  0  0  0  1/1    13:01   0:00   0:00 
Jason Demers             0  1  1   1  0   3  0  1  0  0  0/0    19:59   2:33   0:18 
Karl Alzner              0  0  0   0  0   1  4  1  0  0  0/0    21:40   3:24   3:52 
Mikkel Boedker           0  1  1   1  0   1  0  1  0  0  1/1    22:52   2:32   2:39 
Nazem Kadri              0  0  0   1  2   1  1  0  0  0  15/25  18:12   2:32   3:56 
Peter Holland            0  0  0   0  0   2  0  0  0  0  11/22  18:25   3:09   2:32 
Tanner Glass             0  0  0   0  0   0  2  0  0  0  0/1    13:53   3:25   2:32 
Travis Hamonic           0  0  0   0  0   1  0  1  0  0  0/0    22:00   3:24   4:12 
Zach Bogosian            0  0  0   0  2   0  0  2  0  0  0/0    17:01   0:00   1:57 

Players Stats for Islanders

Player Name              G  A  P  +/- PIM S  H  SB GA TA FO     MP     PP MP  PK MP  
------------------------------------------------------------------------------------
Andy Greene              0  0  0  -1  0   0  0  3  0  0  0/0    23:13   3:06   3:10 
Brian Boyle              0  0  0  -1  0   1  0  0  0  0  7/15   18:10   2:56   2:39 
Colin Wilson             0  0  0  -1  0   3  0  0  0  0  2/6    17:06   2:56   2:31 
Erik Johnson             0  0  0   0  0   1  0  1  0  0  0/0    24:27   4:50   2:47 
Josh Anderson            0  0  0  -1  0   2  3  0  0  0  0/0    14:24   2:56   0:00 
Josh Jooris              0  0  0   0  0   1  0  0  0  0  4/12    9:44   0:00   0:00 
Lars Eller               0  0  0   0  2   1  0  0  0  0  12/19  13:08   0:48   0:00 
Luca Sbisa               0  0  0   0  4   0  3  1  0  0  0/0    16:14   3:30   0:00 
Mark Fayne               0  0  0   0  0   0  0  0  0  0  0/0    16:37   1:34   3:13 
Markus Granlund          0  0  0   0  0   2  1  0  0  0  0/2    10:59   1:20   0:00 
Matt Read                0  0  0   0  0   1  2  0  0  0  1/1    12:21   1:08   0:00 
Patrick Sharp            0  0  0   0  0   2  1  0  0  0  0/1    21:03   3:40   3:02 
Pierre-Alexandr Parentea 0  0  0   0  0   2  0  0  0  0  1/2    16:46   3:52   1:30 
Roman Polak              0  0  0  -1  0   1  5  3  0  0  0/0    20:58   2:52   2:44 
Steven Santini           0  0  0   0  2   2  0  0  0  0  0/0    16:52   0:00   0:00 
Tom Kuhnhackl            0  0  0   0  0   0  1  1  0  0  0/1    12:21   0:00   0:00 
Tyler Bozak              0  0  0   0  0   0  0  0  0  0  5/14   14:15   3:40   0:00 
Zack Kassian             0  0  0   0  0   1  1  0  0  0  0/1    13:22   0:32   2:12 

3 Stars

1 - Marc-Andre Fleury (TOR)
2 - Ondrej Pavelec (NYI)
3 - Frederick Gaudreau (TOR)

Power Play

MapleLeafs - 0 on 3 Attempt(s) - 0.00%
Islanders - 0 on 4 Attempt(s) - 0.00%

Penalty Kill

MapleLeafs - 4 on 4 Attempt(s) - 100.00% - Score 0 goal in Penalty Kill
Islanders - 3 on 3 Attempt(s) - 100.00% - Score 0 goal in Penalty Kill

Team Stat

MapleLeafs - Hits : 13 - Faceoff Wins : 42 - Blocked Shots : 8 - Penalty Minutes : 10
Islanders - Hits : 17 - Faceoff Wins : 32 - Blocked Shots : 9 - Penalty Minutes : 8

Official

Referees : Evgeny Romasko and Gord Dwyer
Linesman : Derek Amell and Ryan Gibbons

Game Notes

No Game Note

Finance

Level 1 -- Attendance: 5630 (93.83%) -- Ticket Income 636 190 $
Level 2 -- Attendance: 5000 (100.00%) -- Ticket Income 390 000 $
Level 3 -- Attendance: 2000 (100.00%) -- Ticket Income 144 000 $
Level 4 -- Attendance: 1795 (100.00%) -- Ticket Income 91 545 $
Luxury Box -- Attendance: 957 (95.70%) -- Ticket Income 168 432 $
Game was played at the Barclays Center.
Total Attendance: 15382 (97.39%)
Total Ticket Income: 1 430 167 $
Other Income: 214 525 $
Total Income: 1 644 692 $

% Time on Ice - MapleLeafs

Lines # - Real PCT - Wanted PCT - Time Play
Normal Forward
1 - 25% - 36% - 11:05
2 - 28% - 32% - 12:05
3 - 30% - 18% - 13:01
4 - 17% - 14% - 7:17
Normal Defense
1 - 36% - 40% - 15:42
2 - 31% - 30% - 13:35
3 - 31% - 20% - 13:25
4 - 2% - 10% - 0:46
PP Forward
1 - 43% - 60% - 2:32
2 - 57% - 40% - 3:25
PP Defense
1 - 43% - 60% - 2:33
2 - 57% - 40% - 3:24
PK Forward
1 - 68% - 60% - 5:24
2 - 32% - 40% - 2:32
PK Defense
1 - 51% - 60% - 4:04
2 - 49% - 40% - 3:52
PK3 Forward
1 - 0% - 60%
2 - 0% - 40%
PK3 Defense
1 - 0% - 60%
2 - 0% - 40%
44 Forward
1 - 67% - 60% - 1:20
2 - 33% - 40% - 0:39
44 Defense
1 - 59% - 60% - 1:10
2 - 41% - 40% - 0:49
Last Minute Offensive  - 0:00
Last Minute Defensive  - 0:40
Total
Forward - 60:00
Defense - 60:00

% Time on Ice - Islanders

Lines # - Real PCT - Wanted PCT - Time Play
Normal Forward
1 - 29% - 30% - 12:21
2 - 27% - 30% - 11:28
3 - 23% - 20% - 9:44
4 - 22% - 20% - 9:39
Normal Defense
1 - 37% - 40% - 15:53
2 - 29% - 30% - 12:36
3 - 29% - 20% - 12:20
4 - 6% - 10% - 2:23
PP Forward
1 - 63% - 60% - 5:00
2 - 37% - 40% - 2:56
PP Defense
1 - 61% - 60% - 4:50
2 - 39% - 40% - 3:06
PK Forward
1 - 75% - 60% - 4:27
2 - 25% - 40% - 1:30
PK Defense
1 - 54% - 60% - 3:13
2 - 46% - 40% - 2:44
PK3 Forward
1 - 0% - 60%
2 - 0% - 40%
PK3 Defense
1 - 0% - 60%
2 - 0% - 40%
44 Forward
1 - 91% - 60% - 1:48
2 - 9% - 40% - 0:11
44 Defense
1 - 50% - 60% - 1:00
2 - 50% - 40% - 0:59
Last Minute Offensive  - 0:56
Last Minute Defensive  - 0:00
Total
Forward - 60:00
Defense - 60:00

Play by Play

1st period


0:01 of 1st period - Lars Eller wins face-off versus Nazem Kadri in neutral zone.
0:05 of 1st period - Off-side.
0:06 of 1st period - Brian Boyle wins face-off versus Peter Holland in neutral zone.
0:13 of 1st period - Shot by Brian Boyle.
0:13 of 1st period - Stopped by Marc-Andre Fleury without a rebound.
0:14 of 1st period - Freddie Hamilton wins face-off versus Josh Jooris in MapleLeafs zone.
0:14 of 1st period - Freddie Hamilton is hit by Matt Read.
0:57 of 1st period - Icing by Cody Franson.
0:58 of 1st period - Freddie Hamilton wins face-off versus Tom Kuhnhackl in MapleLeafs zone.
1:03 of 1st period - Tom Kuhnhackl is hit by Jason Chimera and loses puck.
1:22 of 1st period - Patrick Sharp is hit by Cody Franson and loses puck.
2:22 of 1st period - Frederick Gaudreau is hit by Roman Polak and loses puck.
2:30 of 1st period - Nazem Kadri is hit by Roman Polak.
2:44 of 1st period - Shot by Mikkel Boedker.
2:44 of 1st period - Deflect By Nazem Kadri.
2:44 of 1st period - Shot Blocked by Andy Greene.
2:46 of 1st period - Shot by Frederick Gaudreau.
2:46 of 1st period - Stopped by Ondrej Pavelec without a rebound.
2:47 of 1st period - Peter Holland wins face-off versus Tyler Bozak in Islanders zone.
3:00 of 1st period - Shot by Peter Holland.
3:00 of 1st period - Shot Blocked by Luca Sbisa.
3:02 of 1st period - Shot by Antoine Roussel.
3:02 of 1st period - Stopped by Ondrej Pavelec without a rebound.
3:03 of 1st period - Josh Jooris wins face-off versus Tanner Glass in Islanders zone.
4:13 of 1st period - Shot by Zack Kassian.
4:13 of 1st period - Stopped by Marc-Andre Fleury without a rebound.
4:14 of 1st period - Lars Eller wins face-off versus Peter Holland in MapleLeafs zone.
4:14 of 1st period - Patrick Sharp is hit by Dmitry Kulikov and loses puck.
4:41 of 1st period - Shot by Beau Bennett.
4:41 of 1st period - Shot Misses the Net.
5:01 of 1st period - Icing by Roman Polak.
5:02 of 1st period - Lars Eller wins face-off versus Nazem Kadri in Islanders zone.
5:14 of 1st period - Nazem Kadri is hit by Josh Anderson and loses puck.
5:33 of 1st period - Icing by Cody Franson.
5:34 of 1st period - Nazem Kadri wins face-off versus Tyler Bozak in MapleLeafs zone.
5:50 of 1st period - Tyler Bozak is hit by Nazem Kadri and loses puck.
6:45 of 1st period - Off-side.
6:46 of 1st period - Brian Boyle wins face-off versus Ivan Barbashev in neutral zone.
7:29 of 1st period - Off-side.
7:30 of 1st period - Peter Holland wins face-off versus Josh Jooris in neutral zone.
8:54 of 1st period - Shot by Josh Anderson.
8:54 of 1st period - Shot Misses the Net.
10:01 of 1st period - Shot by Cody Franson.
10:01 of 1st period - Shot Misses the Net.
10:03 of 1st period - Shot by Ivan Barbashev.
10:03 of 1st period - Stopped by Ondrej Pavelec without a rebound.
10:04 of 1st period - Ivan Barbashev wins face-off versus Josh Jooris in Islanders zone.
10:23 of 1st period - Matt Read is hit by Tanner Glass.
10:52 of 1st period - Icing by Lars Eller.
10:53 of 1st period - Peter Holland wins face-off versus Lars Eller in Islanders zone.
11:10 of 1st period - Shot by Patrick Sharp.
11:10 of 1st period - Shot Misses the Net.
11:12 of 1st period - Shot by Steven Santini.
11:12 of 1st period - Stopped by Marc-Andre Fleury without a rebound.
11:13 of 1st period - Freddie Hamilton wins face-off versus Brian Boyle in MapleLeafs zone.
11:20 of 1st period - Shot by Cody Franson.
11:20 of 1st period - Shot Blocked by Roman Polak.
11:44 of 1st period - Shot by Freddie Hamilton.
11:44 of 1st period - Shot Blocked by Roman Polak.
12:06 of 1st period - Karl Alzner is hit by Josh Anderson and loses puck.
12:19 of 1st period - Shot by Antoine Roussel.
12:19 of 1st period - Stopped by Ondrej Pavelec without a rebound.
12:20 of 1st period - Nazem Kadri wins face-off versus Josh Jooris in Islanders zone.
12:26 of 1st period - Minor Penalty to Luca Sbisa for Hooking.
12:26 of 1st period - Minor Penalty to Nazem Kadri for Slashing.
12:27 of 1st period - Pierre-Alexandr Parenteau wins face-off versus Freddie Hamilton in Islanders zone.
12:36 of 1st period - Shot by Pierre-Alexandr Parenteau.
12:36 of 1st period - Stopped by Marc-Andre Fleury without a rebound.
12:37 of 1st period - Freddie Hamilton wins face-off versus Pierre-Alexandr Parenteau in MapleLeafs zone.
12:46 of 1st period - Shot by Mikkel Boedker.
12:46 of 1st period - Deflect By Freddie Hamilton.
12:46 of 1st period - Stopped by Ondrej Pavelec with a rebound.
14:34 of 1st period - Shot by Antoine Roussel.
14:34 of 1st period - Shot Blocked by Tom Kuhnhackl.
14:36 of 1st period - Shot by Peter Holland.
14:36 of 1st period - Stopped by Ondrej Pavelec without a rebound.
14:37 of 1st period - Brian Boyle wins face-off versus Nazem Kadri in Islanders zone.
15:00 of 1st period - Shot by Colin Wilson.
15:00 of 1st period - Stopped by Marc-Andre Fleury with a rebound.
15:02 of 1st period - Shot by Brian Boyle.
15:02 of 1st period - Shot Blocked by Travis Hamonic.
15:29 of 1st period - Minor Penalty to Dmitry Kulikov for Holding.
15:30 of 1st period - Tyler Bozak wins face-off versus Peter Holland in MapleLeafs zone.
16:27 of 1st period - Shot by Colin Wilson.
16:27 of 1st period - Shot Misses the Net.
16:29 of 1st period - Shot by Colin Wilson.
16:29 of 1st period - Stopped by Marc-Andre Fleury without a rebound.
16:30 of 1st period - Nazem Kadri wins face-off versus Tyler Bozak in MapleLeafs zone.
16:41 of 1st period - Shot by Roman Polak.
16:41 of 1st period - Shot Blocked by Cody Franson.
17:31 of 1st period - Shot by Josh Anderson.
17:31 of 1st period - Deflect By Matt Read.
17:31 of 1st period - Shot Misses the Net.
17:33 of 1st period - Shot by Matt Read.
17:33 of 1st period - Shot Misses the Net.
17:35 of 1st period - Shot by Josh Jooris.
17:35 of 1st period - Shot Misses the Net.
17:58 of 1st period - Minor Penalty to Steven Santini for Interference.
17:59 of 1st period - Peter Holland wins face-off versus Colin Wilson in Islanders zone.
18:22 of 1st period - Shot by Tanner Glass.
18:22 of 1st period - Deflect By Peter Holland.
18:22 of 1st period - Shot Blocked by Andy Greene.
18:24 of 1st period - Shot by Karl Alzner.
18:24 of 1st period - Stopped by Ondrej Pavelec without a rebound.
18:25 of 1st period - Brian Boyle wins face-off versus Nazem Kadri in Islanders zone.
18:39 of 1st period - Shot by Nazem Kadri.
18:39 of 1st period - Stopped by Ondrej Pavelec without a rebound.
18:40 of 1st period - Colin Wilson wins face-off versus Peter Holland in Islanders zone.
18:59 of 1st period - Shot by Jason Demers.
18:59 of 1st period - Stopped by Ondrej Pavelec without a rebound.
19:00 of 1st period - Nazem Kadri wins face-off versus Brian Boyle in Islanders zone.
19:56 of 1st period - Shot by Beau Bennett.
19:56 of 1st period - Shot Blocked by Andy Greene.
19:58 of 1st period - Shot by Beau Bennett.
19:58 of 1st period - Stopped by Ondrej Pavelec without a rebound.
19:59 of 1st period - Freddie Hamilton wins face-off versus Markus Granlund in Islanders zone.
Goals for this period are 0 for MapleLeafs vs 0 for Islanders.
Shots for this period are 10 for MapleLeafs vs 6 for Islanders.

2nd period


0:01 of 2nd period - Mikkel Boedker wins face-off versus Lars Eller in neutral zone.
0:03 of 2nd period - Off-side.
0:04 of 2nd period - Lars Eller wins face-off versus Nazem Kadri in neutral zone.
0:15 of 2nd period - Shot by Patrick Sharp.
0:15 of 2nd period - Stopped by Marc-Andre Fleury without a rebound.
0:16 of 2nd period - Brian Boyle wins face-off versus Peter Holland in MapleLeafs zone.
0:25 of 2nd period - Shot by Colin Wilson.
0:25 of 2nd period - Deflect By Brian Boyle.
0:25 of 2nd period - Shot Blocked by Karl Alzner.
0:34 of 2nd period - Josh Anderson is hit by Karl Alzner.
1:08 of 2nd period - Mikkel Boedker is hit by Roman Polak and loses puck.
1:22 of 2nd period - Shot by Jason Demers.
1:22 of 2nd period - Stopped by Ondrej Pavelec with a rebound.
1:24 of 2nd period - Shot by Mikkel Boedker.
1:24 of 2nd period - Shot Misses the Net.
1:26 of 2nd period - Shot by Frederick Gaudreau.
1:26 of 2nd period - Goal by Frederick Gaudreau - MapleLeafs : 1 - Islanders : 0.
1:27 of 2nd period - Lars Eller wins face-off versus Freddie Hamilton in neutral zone.
1:37 of 2nd period - Shot by Curtis Lazar.
1:37 of 2nd period - Shot Misses the Net.
1:40 of 2nd period - Icing by Erik Johnson.
1:41 of 2nd period - Ivan Barbashev wins face-off versus Lars Eller in Islanders zone.
2:34 of 2nd period - Shot by Pierre-Alexandr Parenteau.
2:34 of 2nd period - Stopped by Marc-Andre Fleury without a rebound.
2:35 of 2nd period - Josh Jooris wins face-off versus Peter Holland in MapleLeafs zone.
2:45 of 2nd period - Dmitry Kulikov is hit by Markus Granlund and loses puck.
3:08 of 2nd period - Shot by Peter Holland.
3:08 of 2nd period - Stopped by Ondrej Pavelec without a rebound.
3:09 of 2nd period - Tyler Bozak wins face-off versus Freddie Hamilton in Islanders zone.
3:51 of 2nd period - Icing by Zach Bogosian.
3:52 of 2nd period - Curtis Lazar wins face-off versus Lars Eller in MapleLeafs zone.
4:12 of 2nd period - Icing by Jason Demers.
4:13 of 2nd period - Nazem Kadri wins face-off versus Brian Boyle in MapleLeafs zone.
4:43 of 2nd period - Shot by Josh Anderson.
4:43 of 2nd period - Stopped by Marc-Andre Fleury without a rebound.
4:44 of 2nd period - Lars Eller wins face-off versus Peter Holland in MapleLeafs zone.
4:54 of 2nd period - Tom Kuhnhackl is hit by Karl Alzner and loses puck.
5:22 of 2nd period - Off-side.
5:23 of 2nd period - Tyler Bozak wins face-off versus Freddie Hamilton in neutral zone.
5:30 of 2nd period - Shot by Pierre-Alexandr Parenteau.
5:30 of 2nd period - Deflect By Zack Kassian.
5:30 of 2nd period - Shot Blocked by Jason Demers.
5:57 of 2nd period - Icing by Andy Greene.
5:58 of 2nd period - Nazem Kadri wins face-off versus Tyler Bozak in Islanders zone.
6:25 of 2nd period - Shot by Mikkel Boedker.
6:25 of 2nd period - Shot Misses the Net.
6:55 of 2nd period - Icing by Andy Greene.
6:56 of 2nd period - Freddie Hamilton wins face-off versus Tyler Bozak in Islanders zone.
7:22 of 2nd period - Shot by Freddie Hamilton.
7:22 of 2nd period - Shot Misses the Net.
7:24 of 2nd period - Shot by Curtis Lazar.
7:24 of 2nd period - Shot Blocked by Roman Polak.
7:26 of 2nd period - Shot by Dmitry Kulikov.
7:26 of 2nd period - Shot Misses the Net.
7:42 of 2nd period - Karl Alzner is hit by Zack Kassian and loses puck.
9:33 of 2nd period - Karl Alzner is hit by Josh Anderson and loses puck.
9:48 of 2nd period - Shot by Freddie Hamilton.
9:48 of 2nd period - Stopped by Ondrej Pavelec with a rebound.
10:28 of 2nd period - Shot by Matt Read.
10:28 of 2nd period - Deflect By Markus Granlund.
10:28 of 2nd period - Shot Blocked by Zach Bogosian.
10:45 of 2nd period - Icing by Cody Franson.
10:46 of 2nd period - Lars Eller wins face-off versus Nazem Kadri in MapleLeafs zone.
11:12 of 2nd period - Icing by Cody Franson.
11:13 of 2nd period - Nazem Kadri wins face-off versus Brian Boyle in MapleLeafs zone.
11:32 of 2nd period - Off-side.
11:33 of 2nd period - Lars Eller wins face-off versus Antoine Roussel in neutral zone.
11:55 of 2nd period - Minor Penalty to Beau Bennett for Slashing.
11:56 of 2nd period - Peter Holland wins face-off versus Brian Boyle in MapleLeafs zone.
12:07 of 2nd period - Shot by Erik Johnson.
12:07 of 2nd period - Shot Misses the Net.
13:28 of 2nd period - Shot by Pierre-Alexandr Parenteau.
13:28 of 2nd period - Shot Hit the Post.
14:19 of 2nd period - Shot by Jason Chimera.
14:19 of 2nd period - Stopped by Ondrej Pavelec with a rebound.
14:32 of 2nd period - Icing by Jason Demers.
14:33 of 2nd period - Freddie Hamilton wins face-off versus Brian Boyle in MapleLeafs zone.
15:10 of 2nd period - Icing by Steven Santini.
15:11 of 2nd period - Peter Holland wins face-off versus Brian Boyle in Islanders zone.
15:27 of 2nd period - Off-side.
15:28 of 2nd period - Josh Jooris wins face-off versus Nazem Kadri in neutral zone.
15:35 of 2nd period - Shot by Markus Granlund.
15:35 of 2nd period - Shot Misses the Net.
15:46 of 2nd period - Matt Read is hit by Karl Alzner and loses puck.
15:49 of 2nd period - Shot by Josh Jooris.
15:49 of 2nd period - Stopped by Marc-Andre Fleury without a rebound.
15:50 of 2nd period - Peter Holland wins face-off versus Lars Eller in MapleLeafs zone.
15:50 of 2nd period - Peter Holland is hit by Tom Kuhnhackl.
16:06 of 2nd period - Cody Franson is hit by Patrick Sharp and loses puck.
16:15 of 2nd period - Shot by Patrick Sharp.
16:15 of 2nd period - Shot Blocked by Cody Franson.
16:17 of 2nd period - Shot by Roman Polak.
16:17 of 2nd period - Stopped by Marc-Andre Fleury without a rebound.
16:18 of 2nd period - Nazem Kadri wins face-off versus Tyler Bozak in MapleLeafs zone.
16:28 of 2nd period - Icing by Travis Hamonic.
16:29 of 2nd period - Nazem Kadri wins face-off versus Josh Jooris in MapleLeafs zone.
16:33 of 2nd period - Icing by Mikkel Boedker.
16:34 of 2nd period - Nazem Kadri wins face-off versus Brian Boyle in MapleLeafs zone.
16:57 of 2nd period - Shot by Frederick Gaudreau.
16:57 of 2nd period - Shot Misses the Net.
17:01 of 2nd period - Shot by Mikkel Boedker.
17:01 of 2nd period - Shot Misses the Net.
17:05 of 2nd period - Shot by Frederick Gaudreau.
17:05 of 2nd period - Stopped by Ondrej Pavelec without a rebound.
17:06 of 2nd period - Lars Eller wins face-off versus Peter Holland in Islanders zone.
17:18 of 2nd period - Minor Penalty to Lars Eller for Tripping.
17:19 of 2nd period - Peter Holland wins face-off versus Colin Wilson in Islanders zone.
18:35 of 2nd period - Shot by Travis Hamonic.
18:35 of 2nd period - Shot Misses the Net.
18:55 of 2nd period - Shot by Jason Demers.
18:55 of 2nd period - Stopped by Ondrej Pavelec without a rebound.
18:56 of 2nd period - Nazem Kadri wins face-off versus Colin Wilson in Islanders zone.
19:29 of 2nd period - Shot by Matt Read.
19:29 of 2nd period - Stopped by Marc-Andre Fleury without a rebound.
19:30 of 2nd period - Peter Holland wins face-off versus Markus Granlund in MapleLeafs zone.
19:35 of 2nd period - Shot by Antoine Roussel.
19:35 of 2nd period - Stopped by Ondrej Pavelec without a rebound.
19:36 of 2nd period - Jason Chimera wins face-off versus Zack Kassian in Islanders zone.
19:39 of 2nd period - Shot by Curtis Lazar.
19:39 of 2nd period - Shot Misses the Net.
19:41 of 2nd period - Shot by Curtis Lazar.
19:41 of 2nd period - Stopped by Ondrej Pavelec with a rebound.
19:43 of 2nd period - Shot by Jason Chimera.
19:43 of 2nd period - Stopped by Ondrej Pavelec without a rebound.
19:44 of 2nd period - Peter Holland wins face-off versus Josh Jooris in Islanders zone.
19:58 of 2nd period - Josh Jooris is hit by Dmitry Kulikov and loses puck.
Goals for this period are 1 for MapleLeafs vs 0 for Islanders.
Shots for this period are 10 for MapleLeafs vs 6 for Islanders.

3rd period


0:01 of 3rd period - Lars Eller wins face-off versus Nazem Kadri in neutral zone.
0:04 of 3rd period - Shot by Erik Johnson.
0:04 of 3rd period - Stopped by Marc-Andre Fleury without a rebound.
0:05 of 3rd period - Nazem Kadri wins face-off versus Lars Eller in MapleLeafs zone.
1:07 of 3rd period - Shot by Beau Bennett.
1:07 of 3rd period - Stopped by Ondrej Pavelec without a rebound.
1:08 of 3rd period - Freddie Hamilton wins face-off versus Josh Jooris in Islanders zone.
1:16 of 3rd period - Minor Penalty to Luca Sbisa for Holding.
1:17 of 3rd period - Peter Holland wins face-off versus Colin Wilson in Islanders zone.
1:26 of 3rd period - Shot by Travis Hamonic.
1:26 of 3rd period - Stopped by Ondrej Pavelec without a rebound.
1:27 of 3rd period - Colin Wilson wins face-off versus Peter Holland in Islanders zone.
1:36 of 3rd period - Mark Fayne is hit by Tanner Glass and loses puck.
1:43 of 3rd period - Shot by Travis Hamonic.
1:43 of 3rd period - Shot Misses the Net.
1:45 of 3rd period - Shot by Peter Holland.
1:45 of 3rd period - Shot Blocked by Erik Johnson.
1:47 of 3rd period - Shot by Beau Bennett.
1:47 of 3rd period - Shot Misses the Net.
2:58 of 3rd period - Shot by Travis Hamonic.
2:58 of 3rd period - Shot Misses the Net.
3:00 of 3rd period - Shot by Peter Holland.
3:00 of 3rd period - Shot Misses the Net.
3:42 of 3rd period - Shot by Matt Read.
3:42 of 3rd period - Shot Misses the Net.
3:58 of 3rd period - Off-side.
3:59 of 3rd period - Lars Eller wins face-off versus Nazem Kadri in neutral zone.
4:12 of 3rd period - Shot by Patrick Sharp.
4:12 of 3rd period - Deflect By Lars Eller.
4:12 of 3rd period - Stopped by Marc-Andre Fleury without a rebound.
4:13 of 3rd period - Tyler Bozak wins face-off versus Ivan Barbashev in MapleLeafs zone.
4:42 of 3rd period - Shot by Mikkel Boedker.
4:42 of 3rd period - Stopped by Ondrej Pavelec without a rebound.
4:43 of 3rd period - Freddie Hamilton wins face-off versus Lars Eller in Islanders zone.
4:58 of 3rd period - Shot by Patrick Sharp.
4:58 of 3rd period - Stopped by Marc-Andre Fleury without a rebound.
4:59 of 3rd period - Antoine Roussel wins face-off versus Josh Jooris in MapleLeafs zone.
4:59 of 3rd period - Antoine Roussel is hit by Matt Read.
5:04 of 3rd period - Beau Bennett is hit by Roman Polak and loses puck.
5:16 of 3rd period - Matt Read is hit by Cody Franson and loses puck.
5:28 of 3rd period - Minor Penalty to Zach Bogosian for Interference.
5:29 of 3rd period - Tyler Bozak wins face-off versus Nazem Kadri in MapleLeafs zone.
6:15 of 3rd period - Off-side.
6:16 of 3rd period - Brian Boyle wins face-off versus Peter Holland in neutral zone.
6:36 of 3rd period - Colin Wilson is hit by Karl Alzner and loses puck.
7:33 of 3rd period - Shot by Markus Granlund.
7:33 of 3rd period - Stopped by Marc-Andre Fleury without a rebound.
7:34 of 3rd period - Josh Jooris wins face-off versus Freddie Hamilton in MapleLeafs zone.
7:39 of 3rd period - Shot by Matt Read.
7:39 of 3rd period - Shot Misses the Net.
7:41 of 3rd period - Shot by Markus Granlund.
7:41 of 3rd period - Shot Misses the Net.
7:43 of 3rd period - Shot by Markus Granlund.
7:43 of 3rd period - Stopped by Marc-Andre Fleury without a rebound.
7:44 of 3rd period - Lars Eller wins face-off versus Peter Holland in MapleLeafs zone.
8:23 of 3rd period - Off-side.
8:24 of 3rd period - Nazem Kadri wins face-off versus Tyler Bozak in neutral zone.
8:47 of 3rd period - Shot by Pierre-Alexandr Parenteau.
8:47 of 3rd period - Shot Blocked by Mikkel Boedker.
8:49 of 3rd period - Shot by Steven Santini.
8:49 of 3rd period - Shot Misses the Net.
8:51 of 3rd period - Shot by Steven Santini.
8:51 of 3rd period - Stopped by Marc-Andre Fleury without a rebound.
8:52 of 3rd period - Brian Boyle wins face-off versus Freddie Hamilton in MapleLeafs zone.
8:53 of 3rd period - Shot by Josh Anderson.
8:53 of 3rd period - Stopped by Marc-Andre Fleury with a rebound.
9:34 of 3rd period - Minor Penalty to Freddie Hamilton for Holding.
9:35 of 3rd period - Nazem Kadri wins face-off versus Tyler Bozak in MapleLeafs zone.
11:44 of 3rd period - Shot by Antoine Roussel.
11:44 of 3rd period - Shot Misses the Net.
12:09 of 3rd period - Off-side.
12:10 of 3rd period - Matt Read wins face-off versus Freddie Hamilton in neutral zone.
12:19 of 3rd period - Shot by Matt Read.
12:19 of 3rd period - Shot Blocked by Zach Bogosian.
12:28 of 3rd period - Shot by Jason Chimera.
12:28 of 3rd period - Stopped by Ondrej Pavelec with a rebound.
12:30 of 3rd period - Shot by Zach Bogosian.
12:30 of 3rd period - Shot Misses the Net.
12:55 of 3rd period - Tanner Glass is hit by Luca Sbisa and loses puck.
13:17 of 3rd period - Ivan Barbashev is hit by Luca Sbisa and loses puck.
13:28 of 3rd period - Luca Sbisa is hit by Antoine Roussel and loses puck.
14:52 of 3rd period - Antoine Roussel is hit by Roman Polak and loses puck.
15:00 of 3rd period - Icing by Roman Polak.
15:01 of 3rd period - Nazem Kadri wins face-off versus Tyler Bozak in Islanders zone.
15:04 of 3rd period - Shot by Mikkel Boedker.
15:04 of 3rd period - Shot Misses the Net.
17:19 of 3rd period - Shot by Matt Read.
17:19 of 3rd period - Shot Misses the Net.
18:05 of 3rd period - Shot by Brian Boyle.
18:05 of 3rd period - Shot Misses the Net.
18:07 of 3rd period - Shot by Colin Wilson.
18:07 of 3rd period - Stopped by Marc-Andre Fleury without a rebound.
18:08 of 3rd period - Freddie Hamilton wins face-off versus Patrick Sharp in MapleLeafs zone.
18:32 of 3rd period - Shot by Curtis Lazar.
18:32 of 3rd period - Stopped by Ondrej Pavelec with a rebound.
19:25 of 3rd period - Islanders, Ondrej Pavelec is pulled from the net.
19:44 of 3rd period - Frederick Gaudreau is hit by Luca Sbisa and loses puck.
19:52 of 3rd period - Shot by Jason Demers.
19:52 of 3rd period - Shot Misses the Net.
Goals for this period are 0 for MapleLeafs vs 0 for Islanders.
Shots for this period are 5 for MapleLeafs vs 8 for Islanders.